 Dungeon Crawl Stone Soup version 0.30-a0-862-g1aabd4f9c5 (webtiles) character file.

Game seed: 2924103193796376079

3875 qeuew the Cleaver (level 10, -4/86 HPs)
             Began as a Hill Orc Fighter on Mar 9, 2023.
             Was an Initiate of Trog.
             Killed from afar by a rime drake (16 damage)
             ... with an icy flash freeze
             ... on level 8 of the Dungeon.
             The game lasted 00:07:10 (7564 turns).

qeuew the Cleaver (Hill Orc Fighter)                Turns: 7564, Time: 00:07:11

Health: -4/86      AC: 12    Str: 29 (31) XL:     10   Next: 19%
Magic:  10/10      EV: 12    Int:  8      God:    Trog [......]
Gold:   444        SH:  6    Dex: 18      Spells: 9/9 levels left

rFire   . . .      SeeInvis .    l - +2 hand axe of the Maze {heavy, Fragile rElec Will+ Str+3}
rCold   . . .      Faith    .    c - +0 buckler
rNeg    . . .      Spirit   .    b - +1 scale mail
rPois   .          Reflect  .    (no helmet)
rElec   +          Rampage  .    (no cloak)
rCorr   .                        (no gloves)
Will    +....                    e - +2 pair of boots Stlth
                                 (no amulet)
HPRegen 0.34/turn                n - +6 ring of dexterity
MPRegen 0.12/turn                s - +6 ring of strength

@: no status effects
A: no striking features
a: Renounce Religion


You were on level 8 of the Dungeon.
You worshipped Trog.
Trog was noncommittal.
You visited 2 branches of the dungeon, and saw 9 of its levels.

You collected 444 gold pieces.

Inventory:

Hand Weapons
 a - a +1 war axe
 l - the +2 hand axe of the Maze (weapon) {heavy, Fragile rElec Will+ Str+3}
   (You found it on level 3 of the Dungeon)

   Str:       It affects your strength (+3).
   rElec:     It insulates you from electricity.
   Fragile:   It will be destroyed if unequipped.
   Will:      It increases your willpower.
Armour
 b - a +1 scale mail (worn)
 c - a +0 buckler (worn)
 e - a +2 pair of boots (worn)
Jewellery
 n - a +6 ring of dexterity (left hand)
 s - a +6 ring of strength (right hand)
Wands
 m - a wand of flame (15)
 t - a wand of polymorph (8)
Scrolls
 g - 5 scrolls of teleportation
 h - 2 scrolls of enchant armour
 i - a scroll of fog
 j - 2 scrolls of enchant weapon
 q - a scroll of fear
Potions
 f - 3 potions of curing
 k - a potion of haste
 p - a potion of mutation


   Skills:
 + Level 7.2 Fighting
 * Level 10.0 Axes
 * Level 8.8 Armour
 + Level 4.0 Dodging
 + Level 6.5 Shields
 + Level 4.0 Evocations


You had 9 spell levels left.
You didn't know any spells.
Your spell library contained the following spells:

 Spells                   Type           Power      Damage    Failure   Level
 Foxfire                  Conj/Fire      0%         2x1d4     71%         1
 Kiss of Death            Conj/Necr      0%         2d5       71%         1
 Sandblast                Erth           0%         2d4       71%         1
 Passwall                 Tmut/Erth      0%         N/A       85%         2
 Confusing Touch          Hex            0%         N/A       97%         3
 Stone Arrow              Conj/Erth      0%         3d7       97%         3
 Dispel Undead            Necr           0%         3d6       100%        4
 Fireball                 Conj/Fire      0%         3d3       100%        5
 Starburst                Conj/Fire      0%         6d3       100%        6


Dungeon Overview and Level Annotations

Branches:
Dungeon (8/15)             Temple (1/1) D:5
   Lair: D:8-11

Altars:
Ashenzari
Cheibriados
Elyvilon
Fedhas
Gozag
Hepliaklqana
Kikubaaqudgha
Makhleb
Okawaru
Qazlal
Ru
Sif Muna
Trog
Wu Jian
Yredelemnul
Zin
The Shining One


Message History

The centaur closely misses you.
You slash the wolf!
You kill the wolf!
Trog accepts your kill.
You slash the centaur!
You kill the centaur!
Trog accepts your kill.
You closely miss the rime drake. You closely miss the wolf.
The ice encasing you melts away. You block the wolf's attack.
The rime drake breathes ice at you. The icy flash freeze misses you.
You block the wolf's attack.
An ice beast comes into view.
Your Axes skill increases to level 10!
Your Evocations skill increases to level 4!
Okay, then.
Okay, then.
You hit the wolf.
The wolf is lightly wounded.
You slash the rime drake! The wolf bites you.
* * * LOW HITPOINT WARNING * * *
The rime drake bites you.
* * * LOW HITPOINT WARNING * * *
The wolf bites you but does no damage. The rime drake bites you.
* * * LOW HITPOINT WARNING * * *
You slash the wolf!
The wolf is almost dead.
You hit the rime drake but do no damage.
The wolf misses you. The wolf closely misses you.
The rime drake bites you but does no damage.
You block the wolf's attack.
Unknown command.
You slash the wolf!
You kill the wolf!
Trog accepts your kill.
You hit the rime drake.
The rime drake bites you but does no damage.
The rime drake breathes ice at you. The icy flash freeze hits you!
You die...

#.....###.#
##.#...#...##
.#.....~.....#.
...............
#.Y...........
##............
#....k†)......
#...Y@......#
......#<.......
#.... #........
.... #........
... .........
!# .........
..........
#.........
..........


You could see a rime drake (catching breath) and 2 ice beasts.

Vanquished Creatures
  A boulder beetle (D:7)
  A yak (D:7)
  2 water moccasins
  A sky beast (D:7)
  2 orc warriors
  A black bear (D:5)
  3 ice beasts
  3 wolves (D:8)
  4 ogres
  4 centaurs
  A phantom (D:4)
  A kobold brigand (D:7)
  A bullfrog (D:7)
  3 scorpions
  5 wights (D:7)
  4 orc priests
  A hound (D:5)
  6 jellies
  3 iguanas
  3 orc wizards (D:5)
  2 sleepcaps
  2 hound zombies (D:3)
  7 gnolls
  10 adders
  A white imp (D:5)
  An ufetubus (D:5)
  A worm (D:2)
  5 dart slugs
  17 orcs
  7 endoplasms
  A giant cockroach (D:1)
  9 goblins
  9 hobgoblins
  7 jackals
  11 kobolds
  6 quokkas
  9 ball pythons
  2 ball python zombies (D:3)
  10 bats
  6 frilled lizards
  5 rats
178 creatures vanquished.

Vanquished Creatures (others)
  3 plants (D:2)
  2 withered plants (D:3)
5 creatures vanquished.

Grand Total: 183 creatures vanquished

Notes
Turn   | Place    | Note
-------+----------+-------------------------------------------
     0 | D:1      | qeuew the Hill Orc Fighter began the quest for the Orb.
     0 | D:1      | Reached XP level 1. HP: 19/19 MP: 1/1
   157 | D:1      | Reached skill level 3 in Axes
   157 | D:1      | Reached XP level 2. HP: 27/27 MP: 2/2
   395 | D:1      | Reached XP level 3. HP: 28/33 MP: 3/3
  1224 | D:2      | Reached XP level 4. HP: 40/40 MP: 4/4
  2018 | D:3      | Reached skill level 4 in Axes
  2018 | D:3      | Reached skill level 1 in Dodging
  2019 | D:3      | Reached XP level 5. HP: 45/46 MP: 5/5
  2138 | D:3      | Identified the +2 hand axe of the Maze {heavy, Fragile
                  | rElec Will+ Str+3}
  2630 | D:3      | Found a basalt altar of Yredelemnul.
  2872 | D:4      | Reached XP level 6. HP: 51/53 MP: 6/6
  2906 | D:4      | Reached skill level 5 in Axes
  2906 | D:4      | Reached skill level 5 in Armour
  3594 | D:5      | Entered Level 5 of the Dungeon
  3616 | D:5      | Reached XP level 7. HP: 29/60 MP: 7/7
  3619 | D:5      | Reached skill level 5 in Fighting
  3772 | D:5      | Reached skill level 6 in Axes
  3914 | D:5      | Reached skill level 1 in Evocations
  4016 | D:5      | Reached XP level 8. HP: 64/68 MP: 8/8
  4058 | D:5      | Found a staircase to the Ecumenical Temple.
  4102 | D:5      | Reached skill level 5 in Shields
  4136 | Temple   | Entered the Ecumenical Temple
  4266 | Temple   | Became a worshipper of Trog the Wrathful
  4640 | D:5      | Reached skill level 7 in Axes
  5922 | D:6      | Reached XP level 9. HP: 71/75 MP: 9/9
  5926 | D:6      | Reached skill level 8 in Axes
  6514 | D:7      | Found a stormy altar of Qazlal.
  6514 | D:7      | Found an iron altar of Okawaru.
  6573 | D:7      | Noticed a boulder beetle
  6598 | D:7      | Killed a boulder beetle
  6599 | D:7      | Reached skill level 9 in Axes
  7007 | D:7      | Reached XP level 10. HP: 69/86 MP: 10/10
  7562 | D:8      | Reached skill level 10 in Axes
  7564 | D:8      | Killed from afar by a rime drake

Illustrated notes

Levels and vault maps discovered:
D:1:      amcnicky_arrival_abandoned_market, layout_loops_corners
D:2:      layout_loops_cross, lexackson_kobold_supper
D:3:      layout_loops_ring, lemuel_zombie_altar_yredelemnul, serial_undead,
          serial_undead_b, serial_undead_b, serial_undead_e, serial_undead_e
D:4:      layout_loops_ring, serial_glass, glass_columns_b, glass_columns_b,
          glass_columns_a, glass_columns_b, glass_columns_b, glass_columns_a,
          glass_columns_a, glass_columns_b, kennysheep_minor_cross
D:5:      layout_layer_cave, temple_statues, hangedman_decor_diamond_cutter,
          grunt_ministairs_6
D:6:      layout_cave_pods
D:7:      layout_loops_ring, nicolae_overflow_hidden_temple,
          roderic_roman_lattice, minmay_manual_macuahuitl
D:8:      layout_cave_pools, hellmonk_lair_entry_icy, enter_bailey_3,
          chequers_serial_rivers_micro_d
Temple:   nicolae_temple_bog_church

Skill      XL: |  1  2  3  4  5  6  7  8  9 10 |
---------------+-------------------------------+-----
Axes           | 3 4 5 6 7 9 10 | 10.0
Fighting       | 4 5 6 7 |  7.2
Armour         | 4 5 6 7 8 |  8.8
Dodging        | 1 2 3 4 |  4.0
Shields        | 4 5 6 |  6.5
Evocations     | 1 2 3 4 |  4.0

Action                     |  1- 3 |  4- 6 |  7- 9 | 10-12 || total
---------------------------+-------+-------+-------+-------++-------
  Melee: War axe           |   116 |    68 |       |       ||   184
         Hand axe          |       |    74 |   163 |    30 ||   267
    Use: Scroll            |     3 |     6 |     3 |       ||    12
         Potion            |     1 |     4 |     2 |       ||     7
 Armour: Scale mail        |    63 |    75 |    83 |    18 ||   239
  Dodge: Dodged            |    57 |    74 |   123 |    25 ||   279
  Block: Buckler           |    32 |    33 |    66 |    21 ||   152

Table legend: (Time is in decaauts)
 A = Elapsed time spent in this place.
 B = Non-inter-level travel time spent in this place.
 C = Inter-level travel time spent in this place.
 D = Time resting spent in this place.
 E = Time spent auto-exploring this place.
 F = Levels seen in this place.
 G = Mean time per level.
                   A        B        C        D        E       F      G
               +--------+--------+--------+--------+--------+-----+--------+
         Total |   7733 |   7341 |    392 |    100 |   6116 |   9 |  859.2 |
       Dungeon |   7571 |   7216 |    355 |    100 |   5995 |   8 |  946.4 |
        Temple |    162 |    126 |     36 |      0 |    120 |   1 |  162.0 |
               +--------+--------+--------+--------+--------+-----+--------+

Top non-repeatable levels by time:
     D:5: 1571 daAuts
     D:7: 1261 daAuts
     D:1: 1059 daAuts
     D:6: 1023 daAuts
     D:2: 1016 daAuts
     D:4: 909 daAuts
     D:3: 713 daAuts
  Temple: 162 daAuts
     D:8: 16 daAuts
